Map: Eindringling LE

Players

Panda - Winner!

  • Race: Zerg Zerg
  • League: Gold
  • Spawn Location: 5:00

Димон

  • Race: Zerg Zerg
  • League: Platinum
  • Spawn Location: 11:00

VOD

Have the link to the VOD?

Description

Time

  • Played on: Aug. 30, 2017, 5:27 a.m.
  • Length: 5:01
Show
View Real Time Build Order
Export as new Build Order

Panda Zerg - Winner!

Build Orders: Pool First 

Get SALT Encoding   

  12  0:01  Drone  
  13  0:13  Overlord  
  13  0:19  Drone  
  14  0:32  Drone  
  14  0:33  Drone  
  16  0:35  Drone  
  17  0:46  Extractor  
  17  0:49  Drone  
  17  0:52  Spawning Pool  
  17  0:57  Drone  
  17  1:17  Hatchery  
  16  1:24  Drone  
  17  1:26  Drone  
  18  1:34  Drone  
  19  1:40  Queen  
  21  1:49  Metabolic Boost  
  21  1:56  Zergling x2  
  22  2:06  Roach Warren  
  21  2:13  Overlord  
  21  2:16  Overlord  
  21  2:48  Roach x3  
  27  2:55  Roach  
  27  2:56  Roach x2  
  33  3:06  Roach x2  
  33  3:08  Zergling x2  
  33  3:09  Zergling x2  
  38  3:24  Overlord  
  38  3:25  Overlord  
  38  3:28  Overlord  
  38  3:43  Ravager  
  39  3:54  Zergling x12  
  45  4:22  Zergling x2  
  45  4:23  Zergling x8  
  48  4:42  Ravager  
Show
View Real Time Build Order
Export as new Build Order

Димон Zerg 

Build Orders: Hatch First 

Get SALT Encoding   

  12  0:01  Drone  
  13  0:15  Overlord  
  13  0:18  Drone  
  14  0:34  Drone x2  
  16  0:42  Drone  
  17  0:57  Hatchery  
  16  1:08  Spawning Pool  
  16  1:11  Drone  
  16  1:23  Overlord  
  16  1:55  Zergling x2  
  16  1:56  Zergling x4  
  19  2:03  Queen  
  21  2:10  Queen  
  23  2:22  Spine Crawler  
  22  2:25  Extractor  
  22  2:27  Drone x2  
  23  2:30  Drone x2  
  25  2:39  Zergling x6  
  28  2:45  Queen  
  30  2:58  Zergling x6  
  33  3:07  Extractor  
  33  3:09  Drone  
  33  3:21  Queen  
  35  3:31  Drone  
  36  3:34  Overlord x3  
  36  3:35  Overlord  
  36  3:54  Drone x2  
  36  3:55  Drone  
  39  4:01  Drone  
  39  4:02  Drone x4  
  40  4:14  Zergling x10  
  35  4:36  Zergling x2  
  35  4:37  Zergling x10  
Tags
 
Matchup
ZvZ
Race
Zerg
Replay Pack
replays1
Spawn Locations
Cross Positions
Add a new tag
Caveats
  • Supply blocks, unpowered buildings, or Contaminate may cause inaccurate times.
  • Supply counts are checked every 10 seconds.